 Dungeon Crawl Stone Soup version 0.29-a0-973-gac7da5f7f0 (webtiles) character file.

Game seed: 435545809663808634

3376 Zonian the Knight (level 9, -7/57 HPs)
             Began as a Demonspawn Ice Elementalist on Aug 1, 2022.
             Was a Priest of Okawaru.
             Mangled by an orc knight
             ... wielding a +0 glaive
              (11 damage)
             ... in a bailey.
             The game lasted 00:29:51 (11737 turns).

Zonian the Knight (Demonspawn Ice Elementalist)    Turns: 11737, Time: 00:29:52

Health: -7/57      AC: 11    Str:  9    XL:     9   Next: 74%
Magic:  15/19      EV: 15    Int: 17    God:    Okawaru [***...]
Gold:   381        SH:  6    Dex: 17    Spells: 15/22 levels left

rFire   . . .      SeeInvis .   i - +1 dagger (venom)
rCold   . . .      Faith    .   (no shield)
rNeg    . . .      Spirit   .   x - +0 troll leather armour {Pargi}
rPois   .          Reflect  .   o - +2 hat
rElec   .          Harm     .   C - scarf {repulsion}
rCorr   .          Rampage  .   b - +2 pair of gloves
Will    +....                   H - +0 pair of boots
Stlth   ++++......              (no amulet)
HPRegen 0.99/turn               j - ring of willpower
MPRegen 0.16/turn               (no ring)

@: heroic, freezing walls, repel missiles
A: large bone plates 2, foul stench 1, weakness stinger 2
a: Renounce Religion, Heroism


You were in a bailey.
You worshipped Okawaru.
Okawaru was most pleased with you.
You visited 1 branch of the dungeon, and saw 7 of its levels.
You also visited: Sewer and Bailey.

You collected 524 gold pieces.
You spent 143 gold pieces at shops.

Inventory:

Hand Weapons
 c - a +0 long sword
 e - a +0 short sword
 f - a +0 rapier
 h - a +0 dagger of electrocution
 i - a +1 dagger of venom (weapon)
 k - a +0 shortbow
 m - a +0 rapier
 D - a +0 sling
 J - a +4 dagger
 L - a +1 war axe of flaming
 M - a +0 arbalest
Missiles
 n - 2 silver javelins
 s - 8 javelins
 w - 8 boomerangs
 F - a throwing net
Armour
 a - a +0 robe
 b - a +2 pair of gloves (worn)
 o - a +2 hat (worn)
 x - a +0 troll leather armour (worn) {Pargi}
 C - a scarf of repulsion (worn)
 H - a +0 pair of boots (worn)
Jewellery
 j - a ring of willpower (left hand)
Wands
 u - a wand of flame (2)
 y - a wand of light (15)
Scrolls
 B - 3 scrolls of teleportation
 G - a scroll of identify
 I - a scroll of enchant armour
 K - a scroll of poison
Potions
 d - a potion of heal wounds
 g - a potion of experience {unknown}
 l - 4 potions of curing
 p - a potion of might {unknown}
 q - 2 potions of magic
 r - a potion of lignification {unknown}
 t - 2 potions of mutation {unknown}
 v - a potion of berserk rage
 z - a potion of brilliance {unknown}
 A - a potion of flight {unknown}
 E - a potion of ambrosia {unknown}
Miscellaneous
 N - a box of beasts


   Skills:
 + Level 4.3(9.3) Short Blades
 - Level 2.2(7.2) Dodging
 - Level 2.3(7.3) Stealth
 - Level 7.0 Spellcasting
 - Level 7.6 Ice Magic
 + Level 9.6 Invocations


You had 15 spell levels left.
You knew the following spells:

 Your Spells              Type           Power      Damage    Failure   Level
a - Freeze                Ice            100%       1d11      1%          1
b - Frozen Ramparts       Ice            64%        1d8       1%          3
c - Ozocubu's Armour      Ice            32%        N/A       1%          3

Your spell library contained the following spells:

 Spells                   Type           Power      Damage    Failure   Level
 Hailstorm                Conj/Ice       19%        3d6       30%         4
 Ice Form                 Ice/Tmut       19%        N/A       30%         4
 Gell's Gravitas          Tloc           5%         N/A       41%         3
 Lesser Beckoning         Tloc           5%         N/A       41%         3
 Stone Arrow              Conj/Erth      10%        3d7       41%         3
 Teleport Other           Tloc           5%         N/A       41%         3
 Passage of Golubria      Tloc           5%         N/A       83%         4
 Borgnjor's Vile Clutch   Necr/Erth      2%         N/A       99%         5
 Yara's Violent Unravell  Hex/Tmut       2%         3d3       99%         5
 Lehudib's Crystal Spear  Conj/Erth      2%         10d2      100%        8
 Summon Ice Beast         Ice/Summ       Unusable   N/A       N/A         4
 Tukima's Dance           Hex            Unusable   N/A       N/A         3
 Animate Armour           Summ/Erth      Unusable   N/A       N/A         4
 Animate Dead             Necr           Unusable   N/A       N/A         4
 Death Channel            Necr           Unusable   N/A       N/A         6

Dungeon Overview and Level Annotations

Branches:
Dungeon (7/15)             Temple (0/1) D:5           Sewer (visited)
 Bailey (1/1)

Altars:
Ashenzari
Cheibriados
Dithmenos
Gozag
Makhleb
Okawaru
Trog
Xom
Yredelemnul

Shops:
D:3 !


Innate Abilities, Weirdness & Mutations

You are mostly covered in large bone plates. (SH +6)
You may rarely emit foul miasma when damaged in melee.
You have a tail ending in a sharp stinger.


Message History

The orcs go into a battle-frenzy!
The orc misses you.
There is an open door, spattered with blood here.
Unknown command.
Okay, then.
Okay, then.
Unknown command.
Casting: Frozen Ramparts (safe; 1% risk of failure)
Confirm with . or Enter, or press ? or * to list all spells.
Casting: Frozen Ramparts (safe; 1% risk of failure)
Press: ? - help, Dir - look around, f - activate An open door, spattered with blood.
The walls around you are covered in ice.
The wall freezes the orc knight.
You block the orc knight's attack.
The wall freezes the orc.
You block the orc's attack.
The wall freezes the orc knight.
The orc knight hits you with a +0 glaive!
You block the orc's attack.
You feel much better.
The wall freezes the orc knight.
The orc knight hits you with a +0 glaive!!
The wall freezes the orc.
You kill the orc!
Okawaru accepts your kill.
The wall freezes the orc knight.
The orc knight hits you with a +0 glaive!
* * * LOW HITPOINT WARNING * * *
You block the orc's attack.
You feel much better.
The wall freezes the orc knight.
The orc knight hits you with a +0 glaive!!
The wall freezes the orc knight.
The orc knight hits you with a +0 glaive!
* * * LOW HITPOINT WARNING * * *
You block the orc's attack.
Unknown command.
You feel much better.
The wall freezes the orc knight.
The orc knight hits you with a +0 glaive!!
* * * LOW HITPOINT WARNING * * *
The wall freezes the orc knight.
The orc knight hits you with a +0 glaive!
You die...

..≈##.##≈...............≈##.##≈..
..≈#..)......................#≈..
..≈##.∩#≈...............≈#∩)##≈..
..≈≈#.##≈....#######....≈##.#≈≈..
...≈≈.≈≈≈...##....##....≈≈≈.≈≈...
...........##.....##.............
..........##..#'''##.............
..........#..##∩.∩##..##.........
.........##.####@####.##.........
.........##.')#oo)#)'.##.........
.........##.###.o.###.##.........
.........##.')#[.?#)'.##.........
.........##.#########.##.........
..........#..##.#)##..#..........
..........##..#'#'#..##..........
...........##.......##...........
...≈≈)≈≈≈...#########...≈≈≈[≈≈...


You could see 2 orc knights and an orc (strong).

Vanquished Creatures
  A steam dragon (D:7)
  A water moccasin (Sewer)
  10 orc warriors
  Pargi (D:4)
  A sky beast (D:7)
  An ice beast (D:5)
  2 ogres
  A centaur (D:5)
  3 kobold brigands
  A necrophage (D:4)
  4 scorpions
  A wight (D:7)
  A killer bee (D:7)
  4 crimson imps (D:3)
  2 hounds (D:4)
  3 gnoll boudas
  2 jellies
  4 orc priests
  An orc wizard (D:3)
  Jessica (D:3)
  4 iguanas
  Natasha (thrice) (D:4)
  16 gnolls
  10 adders
  2 river rats (D:4)
  2 white imps
  2 ufetubi
  16 orcs
  10 bats
  11 endoplasms
  4 giant cockroaches
  15 goblins
  9 hobgoblins
  11 jackals
  23 kobolds
  5 quokkas
  9 ball pythons
  A frilled lizard (D:1)
  6 rats
204 creatures vanquished.

Vanquished Creatures (others)
  A white imp (D:5)
  An orc (D:7)
2 creatures vanquished.

Grand Total: 206 creatures vanquished

Notes
Turn   | Place    | Note
-------+----------+-------------------------------------------
     0 | D:1      | Zonian the Demonspawn Ice Elementalist began the quest for
                  | the Orb.
     0 | D:1      | Reached XP level 1. HP: 13/13 MP: 3/3
   446 | D:1      | Gained mutation: You are partially covered in large bone
                  | plates. (SH +4) [demonic ancestry]
   446 | D:1      | Reached XP level 2. HP: 7/19 MP: 0/5
  1554 | D:1      | Gained mutation: You may rarely emit foul miasma when
                  | damaged in melee. [demonic ancestry]
  1554 | D:1      | Reached XP level 3. HP: 18/24 MP: 4/6
  1589 | D:1      | HP: 1/36 [kobold/+0 short sword (2)]
  2075 | D:1      | Learned a level 3 spell: Frozen Ramparts
  3197 | D:2      | Reached XP level 4. HP: 20/30 MP: 5/8
  3608 | D:2      | Identified the +5 war axe of Day {flame, Dex+4}
  3965 | D:2      | Found a faded altar of an unknown god.
  4215 | D:3      | Found a burning altar of Makhleb.
  4229 | D:3      | Learned a level 3 spell: Ozocubu's Armour
  4262 | D:3      | Noticed Jessica
  4263 | D:3      | Found Eviyps's Distillery.
  4271 | D:3      | Bought 2 potions of curing for 78 gold pieces
  4271 | D:3      | Bought a potion of heal wounds for 65 gold pieces
  4277 | D:3      | Killed Jessica
  4414 | D:3      | Found a shimmering altar of Xom.
  4433 | D:3      | Gained mutation: You are mostly covered in large bone
                  | plates. (SH +6) [demonic ancestry]
  4433 | D:3      | Reached XP level 5. HP: 34/35 MP: 7/10
  4488 | D:3      | Reached skill level 5 in Ice Magic
  4562 | D:3      | Reached XP level 6. HP: 41/41 MP: 12/12
  5248 | D:4      | Noticed Natasha
  5258 | D:4      | Killed Natasha
  5378 | D:4      | Found an iron altar of Okawaru.
  5378 | D:4      | Found a faded altar of an unknown god.
  5384 | D:4      | Found an opulent altar of Gozag.
  5387 | D:4      | Became a worshipper of Warmaster Okawaru
  5391 | D:4      | Found a basalt altar of Yredelemnul.
  5392 | D:4      | Found a faded altar of an unknown god.
  5457 | D:4      | Noticed Natasha
  5464 | D:4      | Killed Natasha
  5541 | D:4      | Noticed Pargi
  5553 | D:4      | Noticed Natasha
  5563 | D:4      | Killed Natasha
  5564 | D:4      | Gained mutation: You have a small tail. [demonic ancestry]
  5564 | D:4      | Reached XP level 7. HP: 17/46 MP: 14/14
  5583 | D:4      | Reached skill level 5 in Spellcasting
  5608 | D:4      | Found a glowing drain.
  5620 | Sewer    | Entered a sewer
  6555 | D:4      | Killed Pargi
  6555 | D:4      | Reached * piety under Okawaru
  6904 | D:5      | Entered Level 5 of the Dungeon
  6935 | D:5      | Gained mutation: You have a tail ending in a sharp stinger.
                  | [demonic ancestry]
  6935 | D:5      | Reached XP level 8. HP: 39/52 MP: 14/17
  7567 | D:5      | Found a snail-covered altar of Cheibriados.
  7870 | D:5      | Found a staircase to the Ecumenical Temple.
  8244 | D:6      | Found a broken altar of Ashenzari.
  8283 | D:6      | Reached skill level 2 in Invocations
  8538 | D:6      | Found a bloodstained altar of Trog.
  8550 | D:6      | Reached ** piety under Okawaru
  8551 | D:6      | Reached skill level 3 in Invocations
  8846 | D:6      | Reached skill level 4 in Invocations
  8979 | D:6      | Reached skill level 5 in Invocations
  9121 | D:6      | Reached skill level 6 in Invocations
  9295 | D:6      | Reached XP level 9. HP: 51/57 MP: 19/19
  9479 | D:6      | Reached skill level 7 in Invocations
 10117 | D:7      | Found a shadowy altar of Dithmenos.
 10179 | D:7      | Reached skill level 1 in Short Blades
 10301 | D:7      | Reached skill level 8 in Invocations
 10313 | D:7      | Reached *** piety under Okawaru
 10348 | D:7      | Found a flagged portal.
 10376 | Bailey   | Entered a bailey
 10947 | Bailey   | Reached skill level 9 in Invocations
 11732 | Bailey   | Noticed an orc knight
 11732 | Bailey   | Noticed an orc knight
 11737 | Bailey   | Mangled by an orc knight

Illustrated notes

Levels and vault maps discovered:
D:1:      erik_arrival_cave_to_civilisation [erik_arrival_cave_to_hall],
          layout_loops_ring, minmay_tiny_reverse_x
D:2:      layout_basic, basic_ecumenical_altar
D:3:      layout_loops_ring, old_standard_altar, led_xom_imps, serial_shops,
          shop, minmay_misc_feat_tiny, kennysheep_generic_room_9, uniq_jessica
D:4:      layout_rooms, chequers_temple_overflow_minitemple,
          gup_sewer_entry_bubbles, uniq_pargi, uniq_natasha
D:5:      layout_loops_cross, mainiacjoe_overflow_24_doors,
          minmay_temple_entry_statues_pillars, grunt_ministairs_11,
          saegor_snake_ambush
D:6:      layout_basic, trog_antimagical, mainiacjoe_overflow_six_doors_small
D:7:      layout_loops_corners, nicolae_overflow_crystal_walls, enter_bailey_3,
          gammafunk_ghost_grave, minivault_26, corexii_leaking_fountain,
          nicolae_zen_rock_garden, minmay_the_grid_2x2 [minmay_the_grid_box_x,
          minmay_the_grid_slots, minmay_the_grid_expand,
          minmay_the_grid_prize_four_corners]
Bailey:   bailey_polearm_2, bailey

Skill      XL: |  1  2  3  4  5  6  7  8  9 |
---------------+----------------------------+-----
Dodging        | 2 |  2.2
Stealth        | 2 |  2.3
Ice Magic      | 4 5 6 7 |  7.6
Spellcasting   | 3 4 6 7 |  7.0
Invocations    | 6 9 |  9.6
Short Blades   | 4 |  4.3

Action                   |  1- 3 |  4- 6 |  7- 9 || total
-------------------------+-------+-------+-------++-------
Melee: Long sword        |    12 |       |       ||    12
       Short sword       |    17 |       |       ||    17
       Dagger            |    75 |   146 |   346 ||   567
       Punch             |       |     1 |     6 ||     7
       Tailslap          |       |       |    57 ||    57
Throw: Javelin           |       |     2 |     2 ||     4
 Cast: Freeze            |    35 |    10 |    12 ||    57
       Frozen Ramparts   |       |     7 |    19 ||    26
       Ozocubu's Armour  |       |       |     3 ||     3
Invok: Heroism           |       |       |     1 ||     1
Evoke: Wand              |       |       |     2 ||     2
  Use: Potion            |     2 |     4 |     3 ||     9
       Scroll            |     5 |     3 |     3 ||    11
 Stab: Sleeping          |     5 |     6 |     6 ||    17
       Distracted        |       |     1 |       ||     1
       Invisible         |       |       |     1 ||     1
Armor: Robe              |    29 |    36 |    11 ||    76
       Troll leather arm |       |       |    79 ||    79
Dodge: Dodged            |    77 |    77 |   185 ||   339
       Repelled          |       |       |     1 ||     1
Block: Other             |    17 |    25 |    99 ||   141

Table legend: (Time is in decaauts)
 A = Elapsed time spent in this place.
 B = Non-inter-level travel time spent in this place.
 C = Inter-level travel time spent in this place.
 D = Time resting spent in this place.
 E = Time spent auto-exploring this place.
 F = Levels seen in this place.
 G = Mean time per level.
                   A        B        C        D        E       F      G
               +--------+--------+--------+--------+--------+-----+--------+
         Total |  11790 |  11521 |    269 |   4921 |   4098 |   9 | 1310.0 |
       Dungeon |   9781 |   9512 |    269 |   3413 |   4081 |   7 | 1397.3 |
         Sewer |    658 |    658 |      0 |    502 |     17 |   1 |  658.0 |
        Bailey |   1350 |   1350 |      0 |   1006 |      0 |   1 | 1350.0 |
               +--------+--------+--------+--------+--------+-----+--------+

Top non-repeatable levels by time:
     D:1: 2895 daAuts
     D:6: 1668 daAuts
     D:5: 1359 daAuts
  Bailey: 1350 daAuts
     D:2: 1282 daAuts
     D:3: 1059 daAuts
     D:4: 1050 daAuts
   Sewer: 658 daAuts
     D:7: 465 daAuts
